 Dungeon Crawl Stone Soup version 0.16.1-4-g8e1b745 (webtiles) character file.

41 DogShitOnMyToe the Covered (level 3, -1/29 HPs)
             Began as a Demigod Wanderer on Mar 28, 2015.
             Slain by Sigmund
             ... wielding a +2 scythe of freezing
              (4 damage)
             ... on level 2 of the Dungeon.
             The game lasted 00:04:21 (1179 turns).

DogShitOnMyToe the Covered (Demigod Wanderer)       Turns: 1179, Time: 00:04:21

Health: -1/29      AC: 10    Str: 17    XL:     3   Next: 16%
Magic:  6/6        EV:  6    Int: 16    God:
Gold:   70         SH:  4    Dex: 15    Spells: 0 memorised, 4 levels left

rFire  . . .     SeeInvis .     m - +0 mace
rCold  . . .     Clarity  .     i - +0 chain mail
rNeg   . . .     SustAb   +     d - +0 buckler
rPois  .         Gourm    .     s - +0 helmet
rElec  .         Spirit   .     (no cloak)
rCorr  .         Warding  .     (no gloves)
rMut   .         Stasis   .     (no boots)
MR     .....                    (no amulet)
Stlth  ..........               (no ring)
                                (no ring)

@: not resistant to hostile enchantments, extremely unstealthy
A: sustain abilities
a: no special abilities


You were on level 2 of the Dungeon.
You were not hungry.

You visited 1 branch of the dungeon, and saw 2 of its levels.

You collected 70 gold pieces.

Inventory:

Hand weapons
 a - a +2 dagger
 m - a +0 mace (weapon)
Armour
 d - a +0 buckler (worn)
 i - a +0 chain mail (worn)
 s - a +0 helmet (worn)
Scrolls
 g - 4 scrolls of identify {unknown}
 j - a scroll of recharging {unknown}
 n - a scroll of noise {unknown}
 o - a scroll of teleportation {unknown}
 r - a scroll of enchant armour {unknown}
Potions
 b - a potion of heal wounds
 e - a potion of mutation {unknown}
 h - a potion of resistance {unknown}
 l - a potion of curing {unknown}
 t - a potion of restore abilities {unknown}
Books
 c - the Disquisition on Damage Dealing

   Spells                             Type                      Level
   a - Flame Tongue                   Conjuration/Fire             1
   b - Mephitic Cloud                 Conjuration/Poison/Air       3
Comestibles
 f - 2 bread rations
 k - a meat ration
 p - 2 fruits
 q - 3 chunks of flesh


   Skills:
 - Level 1.7 Fighting
   Level 1.0(1.5) Axes
 + Level 1.9(2.0) Maces & Flails
 - Level 2.6 Armour
 - Level 1.0 Stealth
 - Level 1.0 Shields
 - Level 1.0 Spellcasting
   Level 1.0 Conjurations
   Level 1.0 Fire Magic


You had 4 spell levels left.
You didn't know any spells.

Dungeon Overview and Level Annotations

Branches:
Dungeon (2/15)

Annotations:
D:2 Sigmund


Innate Abilities, Weirdness & Mutations

Your attributes are resistant to harm.


Message History

There isn't anything to butcher here.
g - 4 scrolls labeled RELONALORPH (gained 1) Sigmund the Dreaded comes into view.
He is wielding a scythe of freezing.
Sigmund casts a spell.
Sigmund flickers and vanishes!
Deactivating autopickup; reactivate with Ctrl-A.
Something hits you. Something freezes you.
You closely miss something. Something hits you but does no damage.
You hit something.
You hear some strange, mumbled words.
The magic dart hits you!
You closely miss something. Something completely misses you.
Your shield and chain mail prevent you from hitting something.
Something hits you. Something freezes you.
You miss something. Something hits you. Something freezes you.
You hit something! You hit something! Something hits you!
* * * LOW HITPOINT WARNING * * *
Something freezes you.
You die...

#.. ....## #.###.#...###
#.##.#..#...#
#.##..)...#.### ######
#.....รท........
......######..#...#.##..#.
.##.#.........##.##.##
..#..................#
..........#...##@.#..#
..#######.#...##{.# .# .##
#.#...##.....# .#
#.#...##........ .#
####.#..........### .#
#.........%....##
.#####.##.#.#.......#
.......##.....#?#...#
###########.#.#. ...#


There were no monsters in sight!

Vanquished Creatures
  An adder (D:2)
  A giant gecko (D:1)
  8 bats
  2 giant cockroaches (D:2)
  3 hobgoblins
  A giant newt (D:2)
  5 goblins
  6 kobolds
  3 rats
30 creatures vanquished.

Notes
Turn   | Place    | Note
--------------------------------------------------------------
     0 | D:1      | DogShitOnMyToe, the Demigod Wanderer, began the quest for the Orb.
     0 | D:1      | DogShitOnMyToe set off with: a +2 dagger, a potion of heal wounds, the Disquisition on Damage Dealing, a +0 buckler, a +0 robe, a bread ration
     0 | D:1      | Reached XP level 1. HP: 17/17 MP: 3/3
     0 | D:1      | Identified the Disquisition on Damage Dealing
    76 | D:1      | Reached skill level 2 in Armour
   351 | D:1      | Reached XP level 2. HP: 15/24 MP: 4/4
   836 | D:2      | Reached skill level 1 in Maces & Flails
  1100 | D:2      | Reached XP level 3. HP: 22/29 MP: 6/6
  1165 | D:2      | Noticed Sigmund
  1179 | D:2      | Slain by Sigmund

Action                   || total
-------------------------++-------
Melee: Dagger            ||    48
       Mace              ||    84
  Eat: Chunk             ||     1
